Map: Oxide LE

Players

ugly

  • Race: Protoss Protoss
  • League: Master

FishSangwich - Winner!

  • Race: Protoss Protoss
  • League: Silver

VOD

Have the link to the VOD?

Description

Correct one

Time

  • Played on: May 28, 2021, 3:41 p.m.
  • Length: 11:22
Show
View Real Time Build Order
Export as new Build Order

ugly Protoss 

Build Orders:  

Get SALT Encoding   

  12  0:01  Probe  
  13  0:13  Probe  
  14  0:25  Probe  
  15  0:40  Pylon  
  15  0:59  Gateway  
  15  1:01  Forge  
  14  1:04  Gateway  
  14  1:20  Pylon  
  14  1:27  Pylon  
  14  1:31  Probe  
  15  1:47  Zealot (Chrono Boost)  
  15  1:50  Pylon  
  17  1:55  Pylon  
  17  2:12  Nexus  
  17  2:18  Zealot (Chrono Boost)  
  17  2:32  Probe  
  17  2:33  Pylon  
  17  2:59  Probe  
  18  3:32  Probe  
  19  3:43  Cybernetics Core  
  17  3:48  Assimilator  
  17  4:01  Assimilator  
  17  4:06  Gateway  
  18  4:10  Probe (Chrono Boost)  
  18  4:20  Probe (Chrono Boost)  
  19  4:25  Probe  
  19  4:28  Shield Battery  
  20  4:34  Shield Battery  
  19  4:47  Pylon  
  19  4:51  Stalker (Chrono Boost)  
  19  4:57  Probe  
  22  5:12  Warp Gate  
  22  5:14  Stalker  
  22  5:19  Probe  
  25  5:31  Probe  
  24  5:43  Probe  
  24  5:44  Stalker (Chrono Boost)  
  27  6:11  Stalker (Chrono Boost)  
  30  6:26  Nexus  
  30  6:27  Probe (Chrono Boost)  
  30  6:28  Pylon, Probe (Chrono Boost)  
  31  6:34  Stalker  
  31  6:37  Probe (Chrono Boost)  
  31  6:38  Probe (Chrono Boost)  
  35  6:46  Pylon  
  36  6:47  Probe  
  36  6:49  Probe  
  37  6:57  Gateway  
  37  7:14  Stalker  
  39  7:17  Probe  
  40  7:24  Stargate  
  40  7:25  Stargate, Probe  
  40  7:29  Probe  
  40  7:44  Stalker  
  40  7:46  Probe x2  
  40  7:50  Probe  
  43  7:58  Probe x2  
  43  8:02  Probe  
  45  8:08  Stalker x2  
  45  8:10  Probe x2  
  51  8:13  Void Ray (Chrono Boost)  
  51  8:15  Shield Battery  
  55  8:36  Probe  
  55  8:38  Void Ray  
  55  8:40  Assimilator  
  56  8:42  Assimilator  
  56  8:44  Probe  
  56  8:45  Assimilator  
  61  9:07  Stalker x2  
  48  9:15  Probe x3  
  49  9:27  Probe  
  46  9:38  Probe, Void Ray (Chrono Boost)  
  45  9:41  Cybernetics Core  
  49  9:50  Cybernetics Core  
  49  9:55  Void Ray (Chrono Boost)  
  49  9:57  Probe  
  50  10:02  Probe  
  55  10:09  Probe  
  55  10:12  Nexus, Void Ray (Chrono Boost)  
  55  10:14  Pylon, Probe  
  55  10:18  Pylon  
  51  10:21  Probe  
  51  10:25  Void Ray (Chrono Boost)  
  53  10:35  Probe  
  54  10:36  Void Ray (Chrono Boost)  
  54  10:43  Probe  
  54  10:45  Assimilator  
  54  10:47  Probe  
  61  10:57  Probe (Chrono Boost)  
  61  10:59  Probe (Chrono Boost)  
  52  11:11  Probe (Chrono Boost)  
  52  11:14  Probe (Chrono Boost)  
Show
View Real Time Build Order
Export as new Build Order

FishSangwich Protoss - Winner!

Build Orders:  

Get SALT Encoding   

  12  0:00  Probe  
  13  0:19  Probe (Chrono Boost)  
  15  0:29  Probe (Chrono Boost)  
  15  0:54  Pylon  
  15  1:12  Probe  
  15  1:18  Gateway  
  16  1:19  Gateway  
  16  1:22  Gateway  
  16  1:24  Probe  
  17  1:35  Gateway  
  17  1:36  Probe  
  18  1:48  Probe  
  19  2:04  Zealot (Chrono Boost)  
  19  2:06  Zealot (Chrono Boost)  
  22  2:13  Pylon  
  22  2:21  Zealot (Chrono Boost)  
  23  2:31  Probe  
  24  2:39  Zealot  
  24  2:40  Zealot  
  24  2:43  Probe  
  29  2:55  Probe  
  30  3:08  Probe  
  31  3:30  Pylon  
  31  3:32  Pylon  
  31  3:48  Probe  
  32  4:00  Probe  
  33  4:05  Assimilator x2  
  33  4:09  Forge  
  33  4:12  Probe  
  34  4:23  Cybernetics Core  
  34  4:24  Probe  
  35  4:36  Probe  
  34  5:02  Probe  
  34  5:03  Nexus  
  34  5:05  Pylon  
  35  5:14  Probe  
  36  5:25  Assimilator  
  36  5:26  Assimilator, Probe  
  37  5:29  Photon Cannon x2  
  35  5:38  Photon Cannon  
  35  5:40  Photon Cannon  
  35  5:42  Photon Cannon  
  35  5:45  Shield Battery  
  35  5:51  Shield Battery  
  35  5:59  Stargate  
  33  6:06  Stargate  
  31  6:13  Probe  
  31  6:15  Probe  
  33  6:26  Probe  
  33  6:27  Probe  
  35  6:36  Pylon  
  35  6:37  Void Ray (Chrono Boost)  
  35  6:38  Probe  
  37  6:40  Probe  
  37  6:45  Void Ray (Chrono Boost)  
  41  6:50  Probe  
  41  6:52  Probe  
  47  7:01  Zealot  
  47  7:06  Void Ray (Chrono Boost)  
  49  7:08  Probe x2  
  55  7:23  Probe x2  
  55  7:24  Void Ray (Chrono Boost)  
  55  7:27  Pylon  
  59  7:53  Probe  
  59  7:54  Probe  
  61  8:01  Void Ray x2 (Chrono Boost)  
  61  8:11  Probe x2  
  71  8:23  Probe x2  
  73  8:27  Shield Battery  
  73  8:34  Shield Battery  
  73  8:35  Probe x2, Void Ray x2 (Chrono Boost)  
  83  8:50  Pylon  
  83  8:54  Pylon  
  79  9:08  Probe x2  
  81  9:11  Void Ray (Chrono Boost)  
  81  9:12  Void Ray (Chrono Boost)  
  81  9:20  Probe x2  
  87  9:33  Probe x2  
  85  9:45  Void Ray (Chrono Boost)  
  85  9:46  Void Ray (Chrono Boost)  
  93  10:18  Probe  
  93  10:19  Nexus  
  94  10:32  Pylon  
  94  10:34  Assimilator  
  94  10:38  Pylon  
  94  10:40  Pylon  
  94  10:43  Pylon  
  94  10:50  Probe x2  
  104  11:06  Nexus  
  104  11:08  Assimilator  
  104  11:10  Pylon  
  96  11:12  Assimilator  
Tags
 
Matchup
PvP
Add a new tag
Caveats
  • Supply blocks, unpowered buildings, or Contaminate may cause inaccurate times.
  • Supply counts are checked every 10 seconds.